AoeStats
← true my word eye

Arena

507459271Analyzed
4v4 RM · 16d ago on Sep 18, 2026· 48m 38s· 8 players
Game mode
Random Map
Map size
Large (8 player)
Population
200
Speed
Normal
Resources
Standard
Victory
Conquest
Starting age
Dark Age
Ending age
Imperial Age
RankedLock teamsTeams togetherTeam positionsShared explorationLock speedFull tech treeHidden civsTurbo modeCheats
Victory
Defeat
🇹🇼 Celts · Taiwan
959
+18
🇨🇳 Huns · China
956
+18
🇷🇺 Inca · Russia
953
+18
🇨🇳 Koreans · China
936
+18
🇨🇳 Magyars · China
1019
-20
🇨🇳 Slavs · China
1001
-18
🇨🇳 Chinese · China
1000
-55
🇨🇳 Gurjaras · China
958
-16
Marlboro
10:24 Feudal Age
15:43 Castle Age
13:30 Horse Collar
14:07 Gold Mining
14:38 Stone Mining
14:39 Double-Bit Axe
15:10 Stone Mining
21:50 Bow Saw
23:39 Heavy Plow
27:23 Pikeman
28:16 Forging
28:06 Scale Mail Armor
27:54 Gambesons
29:51 Wheelbarrow
31:57 Imperial Age
30:47 Gold Shaft Mining
30:31 Chain Mail Armor
30:55 Iron Casting
31:34 Arson
32:08 Heavy Scorpion
34:27 Furor Celtica
35:06 Hand Cart
36:49 Halberdier
39:16 Chain Mail Armor
40:02 Blast Furnace
知行
11:13 Feudal Age
14:50 Castle Age
16:18 Double-Bit Axe
16:15 Horse Collar
21:48 Wheelbarrow
23:07 Bow Saw
23:16 Heavy Plow
28:31 Imperial Age
27:23 Forging
27:22 Scale Barding Armor
28:21 Bloodlines
28:12 Husbandry
28:37 Chain Barding Armor
29:02 Marauders
29:53 Plate Barding Armor
29:13 Elite Tarkan
30:45 Forging
31:14 Conscription
32:10 Iron Casting
32:15 Gold Mining
34:13 Gold Shaft Mining
35:49 Blast Furnace
44:36 Chemistry
45:41 Light Cavalry
46:21 Hussar
48:14 Stone Mining
true my word eye
10:05 Feudal Age
10:36 Double-Bit Axe
16:33 Castle Age
15:40 Scale Mail Armor
16:37 Horse Collar
17:12 Forging
18:52 Bow Saw
22:50 Gold Mining
22:50 Stone Mining
26:42 Wheelbarrow
25:52 Loom
28:16 Heavy Plow
32:00 Imperial Age
31:16 Gold Shaft Mining
31:38 Hand Cart
31:10 Town Watch
31:11 Treadmill Crane
32:15 Ballistics
32:51 Masonry
33:12 Conscription
34:31 Siege Engineers
34:50 Chain Mail Armor
35:10 Iron Casting
36:50 Chemistry
37:34 Heavy Rocket Cart
42:53 Shinkichon
45:50 Masonry
45:36 Murder Holes
45:52 Fortified Wall
45:30 Arrowslits
45:42 Elite Fire Lancer
46:08 Arson
46:24 Squires
47:43 Plate Mail Armor
Nwelt
10:44 Loom
12:55 Feudal Age
13:21 Double-Bit Axe
13:16 Horse Collar
18:42 Castle Age
16:58 Town Watch
18:16 Gold Mining
18:18 Stone Mining
20:49 Bow Saw
20:49 Fletching
21:44 Heavy Plow
22:04 Town Watch
26:55 Scale Mail Armor
28:13 Chain Mail Armor
29:39 Forging
31:39 Iron Casting
31:24 Bodkin Arrow
37:16 Wheelbarrow
36:41 Town Patrol
39:43 Gold Shaft Mining
39:46 Stone Shaft Mining
让我和Mika一边
11:49 Feudal Age
16:31 Castle Age
17:26 Horse Collar
24:56 Wheelbarrow
31:20 Imperial Age
29:30 Gold Mining
29:43 Heavy Plow
29:31 Double-Bit Axe
31:16 Stone Mining
31:28 Fletching
32:04 Bodkin Arrow
32:45 Crop Rotation
32:27 Bow Saw
32:57 Gold Shaft Mining
33:42 Scale Barding Armor
34:16 Bloodlines
34:07 Husbandry
34:05 Heavy Camel Rider
35:13 Chain Barding Armor
36:13 Chemistry
35:43 Kshatriyas
36:00 Frontier Guards
36:00 Conscription
36:42 Plate Barding Armor
37:19 Elite Elephant Archer
38:07 Bracer
38:38 Padded Archer Armor
38:19 Elite Shrivamsha Rider
47:06 Caravan
三条柒
0:34 Loom
13:42 Feudal Age
15:11 Wheelbarrow
14:22 Town Watch
14:25 Double-Bit Axe
14:43 Horse Collar
18:20 Castle Age
16:53 Gold Mining
17:33 Stone Mining
18:26 Fletching
19:52 Hand Cart
19:46 Bodkin Arrow
21:12 Gold Shaft Mining
23:52 Heavy Plow
24:08 Bow Saw
25:26 Heavy Plow
27:18 Ballistics
28:49 Town Patrol
31:37 Imperial Age
29:20 Fortified Wall
29:32 Masonry
31:30 Padded Archer Armor
31:26 Stone Mining
32:23 Elite Chu Ko Nu
33:28 Bracer
34:47 Chemistry
34:18 Architecture
34:45 Stone Shaft Mining
35:32 Thumb Ring
37:51 Leather Archer Armor
39:29 Guard Tower
39:24 Arrowslits
40:28 Ring Archer Armor
40:50 Keep
君士坦丁十一世
11:35 Feudal Age
13:30 Double-Bit Axe
15:57 Castle Age
17:40 Bow Saw
17:12 Horse Collar
21:48 Wheelbarrow
23:10 Hand Cart
25:19 Gold Mining
26:49 Gold Shaft Mining
30:32 Imperial Age
29:34 Ballistics
29:45 Forging
29:37 Scale Mail Armor
31:17 Onager
32:48 Iron Casting
32:29 Chain Mail Armor
32:45 Siege Engineers
33:59 Two-Man Saw
35:06 Fortified Wall
39:38 Siege Onager
Mika_168
10:23 Feudal Age
14:16 Castle Age
12:31 Double-Bit Axe
13:14 Horse Collar
23:01 Gold Mining
23:26 Bow Saw
23:21 Stone Mining
25:14 Heavy Plow
25:53 Corvinian Army
27:15 Wheelbarrow
26:35 Man-at-Arms
30:38 Imperial Age
28:20 Thumb Ring
29:07 Fletching
29:18 Padded Archer Armor
29:23 Scale Barding Armor
30:19 Hand Cart
30:19 Bodkin Arrow
30:26 Bodkin Arrow
30:48 Leather Archer Armor
31:06 Ballistics
30:28 Treadmill Crane
31:01 Masonry
31:41 Gold Shaft Mining
31:44 Bloodlines
31:35 Husbandry
32:02 Parthian Tactics
31:59 Conscription
32:22 Bracer
32:50 Heavy Cavalry Archer
35:43 Chemistry
35:58 Ring Archer Armor
35:34 Scale Barding Armor
36:26 Recurve Bow
37:45 Chain Barding Armor
37:53 Siege Engineers
40:12 Plate Barding Armor
42:16 Elite Magyar Huszar
42:39 Elite Magyar Huszar
45:26 Heated Shot
Connection lost

Rejoining the realm…

Still unreachable

The connection could not be restored.

Session expired

The server has moved on; the page needs a fresh start.